AoeStats
← Runxi24

Black Forest

506340925Analyzed
4v4 RM · 19d ago on Sep 13, 2026· 44m 3s· 8 players
Game mode
Random Map
Map size
Large (8 player)
Population
200
Speed
Normal
Resources
Standard
Victory
Conquest
Starting age
Dark Age
Ending age
Imperial Age
RankedLock teamsTeams togetherTeam positionsShared explorationLock speedFull tech treeHidden civsTurbo modeCheats
Victory
Defeat
🇷🇺 Portuguese · Russia
1254
+13
🇷🇺 Britons · Russia
1216
+15
🇮🇳 Gurjaras · India
1199
+15
🇬🇷 Persians · Greece
1175
+16
🇪🇸 Bohemians · Spain
1246
-18
🇦🇷 Turks · Argentina
1201
-15
🇹🇷 Franks · Türkiye
1175
-14
🇹🇷 Turks · Türkiye
1122
-12
gr0ss
7:46 Loom
14:01 Feudal Age
14:32 Double-Bit Axe
14:29 Horse Collar
19:35 Castle Age
18:47 Stone Mining
20:27 Wheelbarrow
20:39 Bow Saw
20:33 Heavy Plow
26:03 Hand Cart
32:11 Imperial Age
30:11 Fletching
30:21 Padded Archer Armor
30:05 Treadmill Crane
30:46 Ballistics
31:21 Gold Mining
31:36 Bodkin Arrow
33:21 Gold Shaft Mining
33:16 Conscription
33:08 Bracer
34:42 Chemistry
33:31 Elite Longbowman
35:04 Masonry
35:19 Leather Archer Armor
35:35 Yeomen
36:15 Architecture
41:18 Ring Archer Armor
41:31 Hoardings
43:07 Siege Engineers
Mradul909
2:25 Loom
stelios19857
4:13 Loom
10:36 Feudal Age
14:55 Castle Age
13:05 Double-Bit Axe
13:35 Forging
13:18 Horse Collar
14:56 Wheelbarrow
20:48 Bow Saw
22:57 Heavy Plow
23:36 Scale Barding Armor
24:06 Gold Mining
29:28 Imperial Age
27:42 Iron Casting
27:22 Bloodlines
28:25 Chain Barding Armor
30:47 Blast Furnace
30:09 Cavalier
32:01 Plate Barding Armor
33:51 Husbandry
37:58 Hand Cart
42:12 Chemistry
41:04 Savar
impossible
5:34 Loom
10:55 Feudal Age
16:55 Castle Age
15:11 Double-Bit Axe
16:06 Horse Collar
19:42 Bow Saw
29:09 Imperial Age
26:51 Heavy Plow
28:18 Wheelbarrow
28:32 Gold Mining
28:47 Padded Archer Armor
29:47 Leather Archer Armor
30:54 Chemistry
36:26 Ring Archer Armor
36:52 Ballistics
36:13 Treadmill Crane
38:45 Two-Man Saw
38:12 Town Watch
43:46 Elite Skirmisher
44:32 Thumb Ring
44:18 Fletching
Robespierre
0:38 Loom
PlanetHell988
4:57 Loom
Runxi24
1:00 Loom
13:03 Feudal Age
13:56 Fishing Lines
17:54 Castle Age
18:48 Double-Bit Axe
20:39 Horse Collar
21:40 Fervor
21:35 Gillnets
28:16 Wheelbarrow
30:36 Imperial Age
28:07 Pikeman
28:49 Squires
28:52 Scale Mail Armor
29:04 Forging
30:02 Chemistry
30:49 Chain Mail Armor
31:10 Iron Casting
30:42 Halberdier
32:02 Block Printing
32:09 Sanctity
34:45 Conscription
36:27 Bow Saw
35:57 Elite Hussite Wagon
37:37 Fletching
38:19 Plate Mail Armor
38:49 Blast Furnace
38:03 Masonry
37:41 Houfnice
41:44 Bodkin Arrow
42:24 Siege Engineers
42:40 Ballistics
43:48 Wagenburg Tactics
43:22 Elite Skirmisher
44:10 Bracer
44:11 Padded Archer Armor
seba_aof
8:59 Loom
13:44 Feudal Age
15:08 Double-Bit Axe
17:43 Castle Age
15:29 Fishing Lines
15:59 Gold Mining
23:19 Imperial Age
21:15 Gillnets
21:51 Bow Saw
25:52 Padded Archer Armor
27:42 Two-Man Saw
29:10 Leather Archer Armor
36:41 Ring Archer Armor
40:22 Wheelbarrow
41:46 Horse Collar
42:14 Fletching
Connection lost

Rejoining the realm…

Still unreachable

The connection could not be restored.

Session expired

The server has moved on; the page needs a fresh start.